 Dungeon Crawl Stone Soup version 0.24.0-37-gcf1ca852f1 (webtiles) character file.

Game seed: 9878772226075931711, levelgen mode: deterministic

44 Froggeryz the Grave Robber (level 3, 0/24 HPs)
             Began as a Mummy Necromancer on Dec 2, 2019.
             Slain by Natasha (5 damage)
             ... on level 2 of the Dungeon.
             The game lasted 00:02:02 (1022 turns).

Froggeryz the Grave Robber (Mummy Necromancer)      Turns: 1022, Time: 00:02:02

Health: 0/24       AC:  2    Str: 11    XL:     3   Next: 39%
Magic:  3/7        EV: 13    Int: 15    God:
Gold:   47         SH:  0    Dex: 12    Spells: 6/7 levels left

rFire    x . .     SeeInvis .   h - +2 dagger (speed)
rCold    + . .     Gourm    .   (no shield)
rNeg     + + +     Faith    .   a - +0 robe
rPois    ∞         Spirit   .   (no helmet)
rElec    .         Reflect  .   (no cloak)
rCorr    .         Harm     .   (no gloves)
MR       .....                  (no boots)
Stlth    +.........             (no amulet)
HPRegen  0.08/turn              b - ring of attention (curse)
MPRegen  0.10/turn              c - +1 ring of evasion

@: slowed, very slow
A: no food or potions, fire vulnerability, cold resistance 1, negative energy
resistance 3, torment resistance, unbreathing
a: no special abilities


You were on level 2 of the Dungeon.
You were not hungry.

You visited 1 branch of the dungeon, and saw 2 of its levels.

You collected 47 gold pieces.

Inventory:

Hand Weapons
 h - a +2 dagger of speed (weapon)
Missiles
 d - 10 poisoned darts (quivered)
Armour
 a - a +0 robe (worn)
Jewellery
 b - a cursed ring of attention (left hand)
 c - a +1 ring of evasion (right hand)
Scrolls
 e - a scroll of remove curse {unknown}
 f - a scroll of fog {unknown}
 g - 3 scrolls of identify {unknown}


   Skills:
 - Level 1.5 Dodging
 - Level 1.5 Stealth
 - Level 2.6 Spellcasting
 + Level 5.2 Necromancy


You had 6 spell levels left.
You knew the following spells:

 Your Spells              Type           Power        Failure   Level  Hunger
a - Pain                  Necr           ###.         2%          1    N/A

Your spell library contained the following spells:

 Spells                   Type           Power        Failure   Level  Hunger
 Animate Skeleton         Necr           N/A          2%          1    N/A
 Vampiric Draining        Necr           ###.......   7%          3    N/A
 Animate Dead             Necr           N/A          24%         4    N/A
 Regeneration             Chrm/Necr      Unusable     N/A         3    N/A

Dungeon Overview and Level Annotations

Branches:
Dungeon (2/15)

Altars:

Annotations:
D:2 Natasha


Innate Abilities, Weirdness & Mutations

You do not eat or drink.
Your flesh is vulnerable to fire.
You are immune to poison.
Your flesh is cold resistant. (rC+)
You are immune to negative energy. (rN+++)
You are immune to unholy pain and torment.
You can survive without breathing.


Message History

Casting: Pain (safe; 2% risk of failure)
Confirm with . or Enter, or press ? or * to list all spells.
Aiming: Pain (safe; 2% risk of failure)
Press: ? - help, Shift-Dir - straight line, f/p - Natasha
Aim: Natasha (chance to defeat MR: 76%) Natasha writhes in agony.
Natasha claws you.
Casting: Pain (safe; 2% risk of failure)
Confirm with . or Enter, or press ? or * to list all spells.
Aiming: Pain (safe; 2% risk of failure)
Press: ? - help, Shift-Dir - straight line, f/p - Natasha
Aim: Natasha (lightly wounded, chance to defeat MR: 76%) Natasha writhes in agony.
Natasha claws you.
* * * LOW HITPOINT WARNING * * *
Casting: Pain (safe; 2% risk of failure)
Confirm with . or Enter, or press ? or * to list all spells.
Aiming: Pain (safe; 2% risk of failure)
Press: ? - help, Shift-Dir - straight line, f/p - Natasha
Aim: Natasha (moderately wounded, chance to defeat MR: 76%) Natasha writhes in agony.
Natasha claws you.
You die...

#### ######... #........
#.####.#. ##############
#.##.....
......h@...#.###.##.#.#.
.#########..........#...
#.....#.######.
##...##.# #.
##.###.######. #.#
#........ #.# ########.
#+# #. #.


You could see Natasha.

Vanquished Creatures
  An adder (D:2)
  An ooze (D:1)
  2 dart slugs
  4 goblins
  4 hobgoblins
  3 kobolds
  5 bats
  2 frilled lizards
  5 rats (D:1)
27 creatures vanquished.

Notes
Turn   | Place    | Note
-------+----------+-------------------------------------------
     0 | D:1      | Froggeryz the Mummy Necromancer began the quest for the
                  | Orb.
     0 | D:1      | Reached XP level 1. HP: 13/13 MP: 4/4
   274 | D:1      | Reached XP level 2. HP: 19/19 MP: 0/5
   776 | D:2      | Reached skill level 5 in Necromancy
   776 | D:2      | Reached XP level 3. HP: 24/24 MP: 1/7
  1016 | D:2      | Noticed Natasha
  1022 | D:2      | Slain by Natasha

Levels and vault maps discovered:
D:1:      dpeg_arrival_central, layout_basic,
          hangedman_abyss_or_decor_lesser_grid
D:2:      layout_loops_corners, yredelemnul_forgotten_temple_becter,
          corexii_shack, uniq_jessica, uniq_natasha

Skill      XL: |  1  2 |
---------------+-------+-----
Necromancy     | 5 |  5.2
Dodging        | |  1.5
Stealth        | |  1.5
Spellcasting   | |  2.6

Action                   || total
-------------------------++-------
Melee: Unarmed           ||    14
       Dagger            ||     8
Throw: Dart              ||     4
 Cast: Pain              ||    46
Armor: Robe              ||    11
Dodge: Dodged            ||    18
